 Dungeon Crawl Stone Soup version 0.30-a0-134-gb40fab5c76 (webtiles) character file.

Game seed: 478771262533126013

137 greasedhog the Sneak (level 5, -1/30 HPs)
             Began as a Gargoyle Enchanter on Sept 19, 2022.
             Killed from afar by a white imp (10 damage)
             ... with a puff of frost
             ... summoned by Eustachio
             ... on level 4 of the Dungeon.
             The game lasted 00:04:29 (3020 turns).

greasedhog the Sneak (Gargoyle Enchanter)           Turns: 3020, Time: 00:04:31

Health: -1/30      AC: 10    Str: 11    XL:     5   Next: 20%
Magic:  8/8        EV: 12    Int: 16    God:
Gold:   192        SH:  0    Dex: 12    Spells: 3/8 levels left

rFire   . . .      SeeInvis .    t - +4 falchion "Diwueq" {freeze, Stlth+}
rCold   . . .      Faith    .    d - orb {guile}
rNeg    + + .      Spirit   .    b - +0 robe
rPois   ∞          Reflect  .    (no helmet)
rElec   +          Harm     .    o - +0 cloak
rCorr   .          Rampage  .    i - +1 pair of gloves
Will    .....                    y - +0 pair of boots
Stlth   ++++......               (no amulet)
HPRegen 0.10/turn                m - ring of willpower
MPRegen 0.11/turn                k - ring of positive energy

@: invisible
A: sickness immunity, AC +4, negative energy resistance 1, electricity
resistance, torment resistance 1, petrification resistance
a: no special abilities


You were on level 4 of the Dungeon.
You visited 1 branch of the dungeon, and saw 4 of its levels.

You collected 192 gold pieces.

Inventory:

Hand Weapons
 a - a +1 dagger
 g - a +0 rapier
 t - the +4 falchion "Diwueq" (weapon) {freeze, Stlth+}
   (You found it on level 3 of the Dungeon)

   It freezes those it strikes, dealing additional cold damage.
   It can also slow down cold-blooded creatures.
   Stlth:     It makes you more stealthy.
Missiles
 r - a throwing net
Armour
 b - a +0 robe (worn)
 d - an orb of guile (worn)
 i - a +1 pair of gloves (worn)
 o - a +0 cloak (worn)
 y - a +0 pair of boots (worn)
Jewellery
 k - a ring of positive energy (right hand)
 m - a ring of willpower (left hand)
Scrolls
 j - a scroll of poison
 p - a scroll of amnesia {unknown}
 q - a scroll of butterflies
 s - a scroll of brand weapon {unknown}
 v - a scroll of fear {unknown}
 w - a scroll of vulnerability {unknown}
 x - a scroll of identify {unknown}
Potions
 c - 2 potions of invisibility
 e - a potion of curing
 f - a potion of mutation {unknown}
 h - a potion of degeneration {unknown}
 l - a potion of berserk rage
 n - 2 potions of haste {unknown}
 u - 2 potions of might {unknown}


   Skills:
 - Level 2.0 Fighting
 * Level 1.7 Short Blades
 - Level 1.5 Dodging
 * Level 4.7 Stealth
 - Level 2.0 Spellcasting
 * Level 3.7 Hexes


You had 3 spell levels left.
You knew the following spells:

 Your Spells              Type           Power      Damage    Failure   Level
a - Ensorcelled Hibernat  Hex/Ice        14%        N/A       14%         2
b - Confusing Touch       Hex            13%        N/A       14%         3

Your spell library contained the following spells:

 Spells                   Type           Power      Damage    Failure   Level
 Tukima's Dance           Hex            13%        N/A       14%         3
 Dazzling Flash           Conj/Hex       14%        N/A       28%         3
 Silence                  Hex/Air        3%         N/A       95%         5
 Agony                    Necr           1%         N/A       99%         5


Dungeon Overview and Level Annotations

Branches:
Dungeon (4/15)
 Temple: D:4-7

Altars:
Xom

Annotations:
D:4 Eustachio


Innate Abilities, Weirdness & Mutations

You are immune to sickness and miasma.
Your stone body is resilient. (AC +4)
You are immune to poison.
You resist negative energy. (rN+)
You are resistant to electric shocks. (rElec)
You are resistant to unholy torment.
You are immune to petrification.


Message History

You completely miss the rat. The rat bites you but does no damage.
You hit the rat but do no damage. The rat misses you.
Eustachio casts a spell.
Eustachio blinks!
You hit the rat. You freeze the rat.
You kill the rat!
The white imp summons a swarm of flies.
The ball python bites you but does no damage.
The ball python grabs you. The ball python constricts you.
You hit the ball python. You freeze the ball python.
You kill the ball python!
You closely miss the rat. The rat barely misses you.
The white imp shouts, "Quit, thou lumpish hedge-born gudgeon!"
You hit the rat. You freeze the rat.
You kill the rat!
The rat closely misses you.
You closely miss the rat. The rat bites you but does no damage.
You hit the rat. You freeze the rat.
You kill the rat!
The white imp gestures at you. The puff of frost hits you!
You closely miss the white imp. The white imp gestures at you.
The puff of frost hits you.
* * * LOW HITPOINT WARNING * * *
You fade into invisibility!
The white imp hits you but does no damage.
You closely miss the white imp.
The white imp summons a swarm of flies.
The white imp barely misses you.
You closely miss the white imp. The white imp barely misses you.
Eustachio mumbles some strange words.
You slash the white imp!
The white imp is severely wounded.
The ufetubus disappears in a puff of smoke!
The white imp closely misses you.
Eustachio twirls his moustache.
The white imp gestures at you. The puff of frost hits you!
You die...

#.# #.#
#.# #.#
#.# #.#
#.# #.#
#.# #<#
#.#######
###
#........
#.#######
#@#
#####5#
#...5@#
#......5.#
#.~....§.#
#..~.~...#
#~~~~~~..#
####+~~..#
#~.~.#


You could see Eustachio (unable to see you), a crimson imp (summoned, unable to
see you) and 2 white imps.

Vanquished Creatures
  A necrophage (D:3)
  An adder (D:3)
  A worm (D:2)
  A dart slug (D:1)
  11 ball pythons
  4 bats
  4 endoplasms
  6 giant cockroaches
  6 goblins
  3 hobgoblins
  7 jackals
  2 kobolds
  5 frilled lizards
  11 rats
63 creatures vanquished.

Notes
Turn   | Place    | Note
-------+----------+-------------------------------------------
     0 | D:1      | greasedhog the Gargoyle Enchanter began the quest for the
                  | Orb.
     0 | D:1      | Reached XP level 1. HP: 10/10 MP: 3/3
   217 | D:1      | Reached XP level 2. HP: 14/16 MP: 5/5
   272 | D:1      | Learned a level 2 spell: Ensorcelled Hibernation
   283 | D:1      | Reached skill level 1 in Fighting
   654 | D:1      | Reached XP level 3. HP: 20/20 MP: 6/6
  1435 | D:2      | Reached skill level 4 in Stealth
  1448 | D:2      | Learned a level 3 spell: Confusing Touch
  1539 | D:2      | Found a shimmering altar of Xom.
  1818 | D:2      | Found a faded altar of an unknown god.
  2202 | D:3      | Reached skill level 1 in Short Blades
  2202 | D:3      | Reached XP level 4. HP: 26/26 MP: 4/7
  2272 | D:3      | Noticed a necrophage
  2296 | D:3      | Killed a necrophage
  2297 | D:3      | Reached XP level 5. HP: 30/30 MP: 8/8
  2350 | D:3      | Identified the +4 falchion "Diwueq" {freeze, Stlth+}
  2988 | D:4      | Noticed Eustachio
  3020 | D:4      | Killed from afar by a white imp

Illustrated notes

Levels and vault maps discovered:
D:1:      amcnicky_arrival_single_pillar, layout_loops_ring
D:2:      layout_loops_cross, hellmonk_ecumenical_altar_run_dry, basic_altar
D:3:      layout_loops_ring
D:4:      layout_basic, lemuel_crystal_altar, vehumet_statue,
          portal_sewer_entry_e, nicolae_concentric_dashed_squares_wild,
          uniq_menkaure, uniq_eustachio

Skill      XL: |  1  2  3 |
---------------+----------+-----
Fighting       | 1 2 |  2.0
Hexes          | 3 |  3.7
Stealth        | 4 |  4.7
Short Blades   | 1 |  1.7
Dodging        | |  1.5
Spellcasting   | |  2.0

Action                   |  1- 3 |  4- 6 || total
-------------------------+-------+-------++-------
Melee: Dagger            |   105 |     6 ||   111
       Rapier            |    29 |    12 ||    41
       Falchion          |       |    33 ||    33
 Cast: Ensorcelled Hiber |     9 |     1 ||    10
  Use: Scroll            |     5 |       ||     5
       Potion            |       |     4 ||     4
 Stab: Sleeping          |    18 |     5 ||    23
       Distracted        |     1 |       ||     1
       Invisible         |       |     1 ||     1
Armor: Robe              |    60 |    16 ||    76
Dodge: Dodged            |   119 |    48 ||   167

Table legend: (Time is in decaauts)
 A = Elapsed time spent in this place.
 B = Non-inter-level travel time spent in this place.
 C = Inter-level travel time spent in this place.
 D = Time resting spent in this place.
 E = Time spent auto-exploring this place.
 F = Levels seen in this place.
 G = Mean time per level.
                   A        B        C        D        E       F      G
               +--------+--------+--------+--------+--------+-----+--------+
         Total |   3030 |   2911 |    119 |    412 |   1937 |   4 |  757.5 |
       Dungeon |   3030 |   2911 |    119 |    412 |   1937 |   4 |  757.5 |
               +--------+--------+--------+--------+--------+-----+--------+

Top non-repeatable levels by time:
     D:1: 1319 daAuts
     D:2: 838 daAuts
     D:3: 790 daAuts
     D:4: 81 daAuts
